 Dungeon Crawl Stone Soup version 0.17-a0-1646-geb1493d (webtiles) character file.

2472028 nago the Eviscerator (level 26, 130/130 HPs)
             Began as a Felid Transmuter on Aug 10, 2015.
             Was the Champion of Dithmenos.
             Escaped with the Orb
             ... and 5 runes!
             The game lasted 04:41:32 (100372 turns).

nago the Eviscerator (Felid Transmuter)           Turns: 100372, Time: 04:41:32

Health: 130/130    AC:  9    Str:  5    XL:     26   Next: 77%
Magic:  54/54      EV: 48    Int: 21    God:    Dithmenos [******]
Gold:   6433       SH:  2    Dex: 26    Spells: 16 memorised, 2 levels left
                                        Lives:  2   Deaths: 4

rFire  + . .     SeeInvis +       - Unarmed
rCold  + . .     Clarity  +     (armour unavailable)
rNeg   . . .     SustAt   .     (shield unavailable)
rPois  .         Gourm    .     (helmet unavailable)
rElec  .         Spirit   +     (cloak unavailable)
rCorr  .         Warding  .     (gloves unavailable)
rMut   .         Stasis   .     (boots unavailable)
MR     +++..                    e - amulet of guardian spirit {Spirit}
Stlth  ++++++....               o - ring of Shaolin {EV+8}
                                a - ring "Ykuinadgh" {rF+ MP+9 AC+4 Int+3, =R}

@: very slightly contaminated, wreathed by umbra, deflect missiles, quick,
extremely resistant to hostile enchantments, very stealthy
A: no armour, no weapons or thrown items, antennae 1, claws 1, fangs 3, large
bone plates 1, see invisible, carnivore 3, clarity, speed 1, shaggy fur 3, slow
metabolism 1, spit poison 1, sharp paws
a: Spit Poison, Shadow Step, Shadow Form, Renounce Religion
0: Orb of Zot
}: 5/15 runes: decaying, slimy, silver, abyssal, gossamer


You escaped.
You worshipped Dithmenos.
Dithmenos was exalted by your worship.
You were very full.

You visited 12 branches of the dungeon, and saw 63 of its levels.
You visited the Abyss 2 times.
You visited 1 ziggurat, and saw 11 of its levels.
You also visited: Trove, Ossuary, Volcano and Wizlab.

You collected 9698 gold pieces.
You spent 3265 gold pieces at shops.

Inventory:

Jewellery
 a - the ring "Ykuinadgh" (left paw) {rF+ MP+9 AC+4 Int+3, =R}
   (You found it on level 11 of a ziggurat)

   [ring of protection]

   It affects your AC (+4).
   It affects your intelligence (+3).
   It protects you from fire.
   It affects your magic capacity (+9).
 e - an amulet of guardian spirit (around neck) {Spirit}
   (You found it on level 5 of the Dungeon)
 k - the ring "Miuts" {rElec rF+ MP+9 Str-2 SInv}
   (You bought it in a shop on level 4 of the Orcish Mines)

   [ring of see invisible]

   It affects your strength (-2).
   It protects you from fire.
   It insulates you from electricity.
   It affects your magic capacity (+9).
   It lets you see invisible.
 l - an uncursed amulet of resist mutation {rMut,}
   (You found it on level 3 of the Swamp)
 o - the ring of Shaolin (right paw) {EV+8}
   (You found it on level 6 of the Pits of Slime)

   [ring of evasion]

   It affects your evasion (+8).
 p - an uncursed ring of invisibility {+Inv,}
   (You bought it in a shop on level 2 of the Vaults)
 I - the amulet of Wacwot {rCorr rF++ Str+4 Stlth-}
   (You bought it in a shop on level 4 of the Orcish Mines)

   [amulet of resist corrosion]

   It protects you from acid and corrosion.
   It affects your strength (+4).
   It greatly protects you from fire.
   It makes you less stealthy.
 O - the ring "Pufupre" {+/*Tele rN+ Int+2}
   (You took it off an ironheart preserver on level 5 of the Vaults)

   [ring of teleportation]

   It may teleport you to nearby monsters, and can be evoked to randomly
   teleport.
   It affects your intelligence (+2).
   It protects you from negative energy.
 U - an uncursed amulet of rage {+Rage,}
   (You found it on level 12 of the Dungeon)
Magical devices
 d - a wand of invisibility (4)
   (You found it in a treasure trove)
 n - a wand of enslavement (11)
   (You found it on level 15 of the Dungeon)
 x - a wand of cold (9)
   (You found it on level 7 of the Lair of Beasts)
 y - a wand of draining (8)
   (You found it on level 5 of the Vaults)
 D - a wand of digging (6)
   (You found it on level 1 of the Vaults)
 E - a wand of disintegration (9)
   (You found it on level 13 of the Dungeon)
 J - a wand of hasting (4)
   (You found it in a treasure trove)
 K - a wand of hasting (4)
   (You found it in a treasure trove)
 M - a wand of heal wounds (5)
   (You found it in a treasure trove)
 N - a wand of heal wounds (3)
   (You found it on level 5 of the Realm of Zot)
 T - a wand of teleportation (6)
   (You found it on level 3 of the Crypt)
 W - a wand of paralysis (1)
   (You found it on level 8 of the Dungeon)
 X - a wand of draining (6)
   (You found it on level 3 of the Realm of Zot)
 Y - a wand of teleportation (4)
   (You took it off a vault warden on level 5 of the Vaults)
Scrolls
 f - 20 scrolls of fog
 i - 10 scrolls of identify
 s - a scroll of summoning
 t - 14 scrolls of teleportation
 u - 4 scrolls of magic mapping {!r}
 B - 12 scrolls of blinking {!r}
 F - 12 scrolls of fear
 G - 13 scrolls of recharging
 R - 40 scrolls of remove curse
 S - 8 scrolls of holy word {!r}
Potions
 h - 9 potions of heal wounds
 j - 11 potions of brilliance
 m - 13 potions of might
 r - 14 potions of resistance
 w - 6 potions of magic
 z - 6 potions of haste
 A - 4 potions of agility
 C - 20 potions of curing
 L - 5 potions of berserk rage {!q}
 Q - 6 potions of lignification {!q}
 V - 3 potions of cure mutation {!q}
Books
 q - a book of Party Tricks
   (You found it on level 10 of a ziggurat)
Miscellaneous
 b - a sack of spiders
   (You found it on level 1 of the Lair of Beasts)
 g - a fan of gales
   (You found it on level 5 of the Vaults)
 v - a disc of storms
   (You found it on level 5 of the Depths)
 H - a legendary deck of changes {the Helix, drawn: 1}
   (You found it on level 12 of the Dungeon)
 P - a phial of floods
   (You found it on level 4 of the Depths)
 Z - a sack of spiders {used: 3}
   (You found it on level 3 of the Vaults)
Comestibles
 c - 32 meat rations {@e2}


   Skills:
 - Level 20.0 Fighting
 - Level 20.3 Dodging
 - Level 20.1 Stealth
 + Level 25.5 Unarmed Combat
 - Level 17.0 Spellcasting
 - Level 12.3 Hexes
 - Level 13.2 Charms
 - Level 6.2 Necromancy
 - Level 12.0 Translocations
 - Level 11.0 Transmutations
   Level 5.0 Ice Magic
 - Level 3.1 Air Magic
 - Level 3.4 Earth Magic
   Level 2.0 Poison Magic
 - Level 12.2 Invocations
 - Level 16.1 Evocations


You had 2 spell levels left.
You knew the following spells:

 Your Spells              Type           Power        Failure   Level  Hunger
a - Phase Shift           Tloc           ######....   1%          5    ##.....
b - Blink                 Tloc           N/A          1%          2    None
c - Hydra Form            Trmt           ######....   8%          6    ####...
d - Deflect Missiles      Chrm/Air       ######....   21%         6    ####...
e - Apportation           Tloc           ######....   1%          1    None
g - Regeneration          Chrm/Necr      ######....   1%          3    None
h - Haste                 Chrm           ######..     1%          6    ####...
n - Sublimation of Blood  Necr           #####.....   1%          2    None
v - Blade Hands           Trmt           ######....   1%          5    ##.....
x - Vampiric Draining     Necr           #####.....   1%          3    None
z - Tukima's Dance        Hex            ######..     1%          3    None
D - Darkness              Hex            ######....   3%          6    ####...
N - Passwall              Trmt/Erth      #####.....   1%          3    None
R - Summon Butterflies    Summ           ###.....     3%          1    None
X - Animate Dead          Necr           N/A          2%          4    None
Z - Animate Skeleton      Necr           N/A          1%          1    None


Dungeon Overview and Level Annotations

Branches:
Dungeon (15/15)            Temple (1/1) D:5            Lair (8/8) D:9
  Swamp (4/4) Lair:3       Spider (4/4) Lair:3        Slime (6/6) Lair:8
    Orc (4/4) D:11            Elf (3/3) Orc:4        Vaults (5/5) D:14
  Crypt (3/3) Vaults:3       Tomb (0/3) Crypt:3      Depths (5/5) D:15
    Zot (5/5) Depths:5

Altars:
Ashenzari
Cheibriados
Dithmenos
Elyvilon
Fedhas
Gozag
Kikubaaqudgha
Makhleb
Nemelex Xobeh
Okawaru
Qazlal
Ru
Sif Muna
Trog
Vehumet
Xom
Yredelemnul
Zin
The Shining One
Beogh

Shops:
D:5 }   D:11 !   D:15 *   Orc:1 [!(?   Orc:3 [   Orc:4 [=[[   Vaults:1 [
Vaults:2 %=[*   Depths:3 *=***   Depths:4 ((

Portals:
Hell: Depths:1 Depths:2 Depths:3 Depths:4 Depths:5
Abyss: Depths:3* Depths:4
Pandemonium: Depths:2 Depths:3 Depths:4

Annotations:
D:10 exclusion: hill giant, Harold
D:14 Nessos
D:15 exclusion: Roxanne, Roxanne
Lair:3 exclusion: 6 sheep, Gastronok
Elf:3 1 exclusion
Zot:5 2 exclusions


Innate Abilities, Weirdness & Mutations

You cannot wear armour.
You are incapable of wielding weapons or throwing items.
You have sharp claws.
You have razor-sharp teeth.
You have supernaturally acute eyesight.
You are carnivorous and can eat meat at any time.
You cover ground quickly.
Your thick and shaggy fur keeps you warm (AC +3, rC+).
You have a slow metabolism.
Your sharp claws are effective at attacking unaware monsters.
You have a pair of small antennae on your head.
You are partially covered in large bone plates (AC +2, SH +2).
You possess an exceptional clarity of mind.
You can spit weak poison.


Message History

The Orb Guardian is moderately wounded.
Your shadow hits the Orb Guardian.
You nip at the Orb Guardian but do no damage.
The Orb Guardian is moderately wounded.
Your shadow hits the Orb Guardian but does no damage.
The Orb Guardian completely misses you.
You bite the Orb Guardian!
The Orb Guardian is heavily wounded.
Your shadow hits the Orb Guardian! The Orb Guardian completely misses you.
You bite the Orb Guardian!
The Orb Guardian is severely wounded.
The Orb Guardian completely misses you.
You gouge the Orb Guardian!!
You kill the Orb Guardian!
Dithmenos accepts your kill.
There is a stone staircase leading up here.
You climb upwards.
There is a stone staircase leading down here.
Use which ability? (? or * to list)
Your transformation has ended.
You take 33 damage, and have 106/130 hp.
MASSIVE DAMAGE!!
Casting: Hydra Form
Confirm with . or Enter, or press ? or * to list all spells.
Your skin crawls.
You now have 35/54 mp.
There is an open door here.
You feel closer to the material plane.
There is an escape hatch in the ceiling here.
You regained 13 hp, and now have 120/130 hp.
You regained 3 mp, and now have 38/54 mp.
Casting: Regeneration
Confirm with . or Enter, or press ? or * to list all spells.
Your skin crawls.
You now have 36/54 mp.
You are firmly grounded in the material plane once more.
A mysterious force pulls you upwards. The hatch slams shut behind you.
You regained 3 hp, and now have 124/130 hp.
You can't go up here!
HP restored.
There is a stone staircase leading up here.
Health restored: 130 You regained 4 mp, and now have 40/54 mp.
You climb upwards.
There is a stone staircase leading down here.
Your skin is crawling a little less now.
Your skin stops crawling.
There is an escape hatch in the ceiling here.
You regained 5 mp, and now have 45/54 mp.
A mysterious force pulls you upwards. The hatch slams shut behind you.
You hear a grinding noise.
You hear a grinding noise.
There is a stone staircase leading up here.
You regained 2 mp, and now have 48/54 mp.
You climb upwards.
There is a stone staircase leading down here.
There is a stone staircase leading up here.
You regained 4 mp, and now have 53/54 mp.
You climb upwards.
There is a stone staircase leading down here.
Magic restored.
There is a stone staircase leading up here.
MP restored: 54 You climb upwards.
There is a stone staircase leading down here.
There is an open door here.
A worm comes into view.
The worm moves out of view.
There is a stone staircase leading up here.
You climb upwards.
There is a stone staircase leading down here.
There is an open door here.
There is a stone staircase leading up here.
You climb upwards.
A bat and a ball python come into view.
There is a stone staircase leading down here.
You scratch the ball python.
You kill the ball python!
Dithmenos accepts your kill.
Unknown command.
You block the bat's attack.
You see here a ball python corpse.
You eviscerate the bat!!!
You kill the bat!
Dithmenos accepts your kill.
The hobgoblin is too close now for your liking.
Casting: Regeneration
Confirm with . or Enter, or press ? or * to list all spells.
Which direction?
This rock feels extremely deep.
You now have 51/54 mp.
Unknown command.
Unknown command.
Evoke which item? (* to show all) (? for menu, Esc to quit)
Zapping:
D - a wand of digging (7)
Press: ? - help, Shift-Dir - straight line, f - you The rock shatters into small pieces.
This wand has 6 charges left.
There is a staircase leading out of the dungeon here.
Magic restored.
You have escaped!

#.......###.# #..##..#..#
#########.......##.# #.####.....
......# ######..#### #.# #...##
####### ######..# #.# ##.###
#####.###.......# #.# #....
......##.......## #.# ##.###
.####.##..#############.####.....
.# ####..####.................##
.## #........@###########.#.##
..# ##........# ###.## #.#
######..## ##### #.## ..# ###
#### #...###.# #.# #.# #.#
#.......# #.# #.###.## #...#####
#.# #.##...##### ##.## [.#
#.##.#.....# #.#######
#.########.##%...##.# #........


There were no monsters in sight!

Vanquished Creatures
  the royal jelly (Slime:6)
  Dissolution (Slime:2)
  3 ancient liches
  3 orbs of fire (Zot:5)
  Mennas (Depths:4)
  A greater mummy (WizLab)
  Frederick (Crypt:2)
  Saint Roka (Depths:1)
  A pandemonium lord (Zig:7)
  2 curse toes
  4 caustic shrikes (Depths:4)
  7 Killer Klowns
  6 golden dragons
  Xtahua (Crypt:2)
  3 electric golems
  12 tentacled monstrosities
  An Ice Fiend (Zig:7)
  A titan (shapeshifter) (Zig:5)
  7 liches
  3 titans
  26 Orb Guardians
  4 deep elf master archers
  A deep elf blademaster (Elf:3)
  A kraken (Abyss:4)
  8 acid blobs
  3 sphinxes
  An eldritch tentacle (Crypt:3)
  3 tentacled starspawn (Abyss:3)
  An octopode crusher (Depths:5)
  8 tengu reavers
  3 ancient champions
  18 storm dragons
  9 shadow dragons
  A thorn hunter (Swamp:2)
  2 draconian monks
  5 azure jellies
  4 revenants
  Wiglaf (Vaults:4)
  5 large abominations
  13 fire giants
  9 vault wardens
  Donald (Orc:4)
  An iron dragon (Vaults:5)
  4 draconian knights
  16 frost giants
  8 emperor scorpions
  3 draconian scorchers
  2 orc warlords
  6 ghost moths
  7 deep elf sorcerers
  3 curse skulls
  3 draconian shifters
  3 draconian zealots
  6 ironheart preservers
  4 reapers
  6 ghouls
  3 spriggan defenders (Depths:1)
  22 stone giants
  7 vampire knights
  A caustic shrike skeleton (Crypt:2)
  A war gargoyle (Vaults:5)
  9 deep elf demonologists
  16 very ugly things
  8 black draconians
  11 deep elf annihilators
  4 green draconians
  3 white draconians
  9 red draconians
  2 salamander stormcallers
  6 purple draconians
  3 mottled draconians
  7 yellow draconians
  2 dire elephants (Zig:8)
  A blizzard demon (Depths:2)
  14 ettins
  3 green deaths
  7 jiangshi
  26 vault guards
  5 crystal guardians
  6 eidola
  A mummy priest (WizLab)
  A merfolk impaler (Depths:1)
  12 fire dragons
  A minotaur (shapeshifter) (Depths:4)
  2 deep elf high priests (Elf:3)
  Josephine (Orc:2)
  15 yaktaur captains
  4 deep elf death magi
  Erolcha (D:11)
  A quicksilver dragon skeleton (Crypt:3)
  Fannar (Lair:3)
  17 ice dragons
  8 death cobs
  4 catoblepae
  13 great orbs of eyes
  6 entropy weavers
  5 spriggan air magi
  3 ghost crabs (shapeshifter)
  18 hydras
  A catoblepas (shapeshifter) (Vaults:5)
  5 rakshasas
  20 dancing weapons
  20 deep troll earth magi
  5 tengu warriors
  11 alligators
  14 centaur warriors
  11 deep troll shamans
  A queen ant (Spider:4)
  3 death knights
  A titan zombie (Crypt:1)
  7 orc high priests
  8 spriggan berserkers
  9 ogre magi
  2 naga sharpshooters (Zig:6)
  3 hell knights (Depths:4)
  2 thrashing horrors (Abyss:3)
  2 sun demons (Depths:2)
  6 spriggans
  5 vampire magi
  3 soul eaters
  Nergalle (D:10)
  3 iron trolls
  26 deep elf knights
  20 skeletal warriors
  3 wretched stars
  7 shadow wraiths
  A titan skeleton (Crypt:3)
  A spatial maelstrom (Abyss:3)
  2 fire crabs
  3 unseen horrors
  An unseen horror (shapeshifter) (Depths:4)
  An ice devil (Depths:2)
  6 flayed ghosts
  A spriggan druid (Zig:9)
  3 storm dragon skeletons
  5 giant orange brains
  2 golden dragon zombies
  11 necromancers
  7 swamp dragons
  8 phantasmal warriors
  11 ironbrand convokers
  4 wizards
  5 deep elf summoners
  An ice statue (Zig:11)
  51 ugly things
  42 deep trolls
  An obsidian statue (Depths:4)
  A hill giant (shapeshifter) (Vaults:3)
  A shadow demon (Zig:10)
  2 wolf spider zombies
  2 tengu zombies (Zig:10)
  11 hill giants
  A harpy (shapeshifter) (Depths:3)
  A shambling mangrove (Zig:9)
  A swamp dragon (shapeshifter) (D:15)
  A golden dragon skeleton (Crypt:2)
  16 deep elf conjurers
  An anaconda skeleton (Crypt:3)
  5 griffons
  A sphinx zombie (WizLab)
  An anubis guard (shapeshifter) (Zig:5)
  8 orb spiders
  23 wolf spiders
  18 orc knights
  9 hornets
  An iron dragon zombie (Crypt:2)
  3 water nymphs (shapeshifter)
  3 frost giant zombies
  A mana viper (shapeshifter) (Vaults:5)
  3 tengu skeletons
  2 oklob plants (Zig:10)
  10 orc sorcerers
  3 fire giant zombies
  2 stone giant zombies
  A shining eye (Slime:6)
  25 moths of wrath
  A faun (shapeshifter) (Vaults:5)
  11 cyclopes
  A fire giant skeleton (Depths:2)
  10 black mambas
  A sixfirhy (Depths:3)
  3 manticores
  A salamander (shapeshifter) (Zig:7)
  A hornet (shapeshifter) (Vaults:1)
  A worldbinder (Abyss:1)
  A guardian serpent (Lair:8)
  An eye of devastation (shapeshifter) (Depths:4)
  Maurice (Orc:1)
  An iron dragon skeleton (Zig:10)
  A manticore (shapeshifter) (Zig:7)
  An apocalypse crab (Zig:7)
  A shock serpent zombie (Crypt:3)
  A demonspawn zombie (WizLab)
  A dire elephant zombie (Crypt:2)
  28 elephants
  An eye of devastation (Slime:6)
  2 stone giant skeletons
  8 vault sentinels
  A torpor snail (Lair:8)
  A smoke demon (Abyss:3)
  A guardian serpent (shapeshifter) (Depths:4)
  A frost giant skeleton (Crypt:2)
  A yaktaur zombie (WizLab)
  33 spiny frogs
  An orange crystal statue (Depths:1)
  4 orange demons
  A black mamba (shapeshifter) (Depths:4)
  A storm dragon simulacrum (Depths:2)
  A yaktaur (shapeshifter) (Abyss:4)
  6 gargoyles
  A dire elephant skeleton (Crypt:2)
  A death yak zombie (Crypt:1)
  14 komodo dragons
  58 yaktaurs
  A komodo dragon (shapeshifter) (Vaults:5)
  13 kobold demonologists
  8 demonic crawlers
  An efreet (Volcano)
  14 deep elf priests
  An ancient zyme (Abyss:4)
  An anaconda simulacrum (Crypt:3)
  A black draconian skeleton (Crypt:3)
  A yellow draconian skeleton (Crypt:2)
  19 freezing wraiths
  3 guardian mummies (WizLab)
  2 red devils
  A tengu conjurer (Depths:3)
  A mottled draconian skeleton (Crypt:3)
  A hellion (Depths:3)
  2 human skeletons (Vaults:3)
  A green draconian skeleton (Crypt:3)
  12 two-headed ogres
  A queen bee (D:12)
  9 giant leeches
  12 raiju
  16 jumping spiders
  An iron troll skeleton (Crypt:3)
  A snapping turtle (shapeshifter) (Vaults:1)
  A hornet zombie (WizLab)
  15 bog bodies
  A fire drake (Lair:3)
  7 trolls
  A deep troll zombie (WizLab)
  A merfolk (shapeshifter) (Vaults:5)
  4 ettin zombies
  79 slime creatures
  2 spriggan zombies (WizLab)
  3 stone giant simulacra
  2 blue devils (Depths:2)
  10 boulder beetles
  17 trapdoor spiders
  37 blink frogs
  2 ice dragon zombies (WizLab)
  A redback (shapeshifter) (Depths:4)
  29 redbacks
  A tarantella (shapeshifter) (Vaults:2)
  5 water elementals
  4 flying skulls
  3 shadows
  2 trapdoor spiders (shapeshifter) (Depths:4)
  2 hogs (shapeshifter)
  7 wyverns
  32 deep elf magi
  A yak (shapeshifter) (Depths:4)
  2 hill giant zombies
  22 tarantellas
  7 wraiths
  5 air elementals (Depths:5)
  A frost giant simulacrum (Vaults:3)
  A black mamba skeleton (Crypt:2)
  A fire dragon skeleton (Crypt:3)
  The ghost of Wiebster667 the Cutter, an average SpEn (D:3)
  2 ynoxinuls
  3 small abominations
  2 vampires
  17 humans (D:14)
  A fire bat (Abyss:2)
  Grum (D:8)
  2 basilisks
  A steam dragon (D:8)
  2 hungry ghosts (D:11)
  A fire elemental (Volcano)
  39 deep elf fighters
  6 golden eyes (Slime:2)
  3 human simulacra
  14 hippogriffs
  A golden eye (shapeshifter) (Vaults:3)
  9 wargs
  65 yaks
  2 chaos spawn
  9 insubstantial wisps
  3 mottled dragons
  14 swamp worms
  A warg (shapeshifter) (Vaults:5)
  23 wolves
  A hell hound (Abyss:3)
  22 vampire mosquitoes
  6 soldier ants
  A water nymph skeleton (Crypt:1)
  A soldier ant (shapeshifter) (Vaults:4)
  A merfolk zombie (Crypt:1)
  An infernal demonspawn skeleton (Crypt:1)
  4 sky beasts
  27 water moccasins
  10 swamp drakes
  2 phantoms (D:7)
  5 eyes of draining
  15 porcupines
  58 orc warriors
  36 spiders
  5 ice beasts
  A black bear (shapeshifter) (Depths:2)
  9 starcursed masses (Abyss:3)
  An ice dragon simulacrum (Crypt:2)
  17 wasps
  7 boggarts
  4 black bears
  A fire dragon simulacrum (Crypt:2)
  30 ogres
  29 centaurs
  An eye of draining (shapeshifter) (Vaults:4)
  18 crocodiles
  5 big kobolds
  3 brain worms (Abyss:3)
  25 giant frogs
  2 water moccasin zombies
  2 wyvern skeletons
  A cyclops skeleton (Crypt:1)
  A troll zombie (D:11)
  2 spiny frog simulacra (Crypt:2)
  A water moccasin skeleton (D:5)
  39 killer bees
  9 scorpions
  22 wights
  2 electric eels (Lair:8)
  6 crimson imps
  5 centaur zombies
  2 giant frog zombies (D:5)
  2 quasits
  A wasp zombie (D:8)
  8 hounds
  7 human zombies
  4 centaur skeletons
  2 giant frog skeletons
  24 jellies
  31 orc priests
  8 iguanas
  32 orc wizards
  Jessica (D:2)
  5 iron imps
  15 sheep
  A lightning spire (Zig:7)
  37 worker ants
  2 big kobold zombies (Ossuary)
  A dwarf zombie (Crypt:2)
  5 ogre zombies (D:11)
  A big kobold skeleton (Crypt:2)
  3 hound skeletons
  4 mummies
  3 worker ant zombies
  24 adders
  A gnoll (shapeshifter) (Depths:4)
  2 gnolls (D:8)
  77 river rats
  8 scorpion zombies
  8 shadow imps
  A swamp drake skeleton (Crypt:2)
  4 white imps (Depths:2)
  2 oozes
  An ufetubus (Abyss:3)
  An adder zombie (D:8)
  An adder skeleton (D:5)
  A worm (D:3)
  7 giant geckos
  210 orcs
  9 bats
  9 giant cockroaches
  6 hobgoblins
  7 jackals
  4 quokkas
  3 ball pythons
  3 giant newts
  3 gnoll zombies (Ossuary)
  8 goblins
  A goblin skeleton (Crypt:1)
  5 goblin zombies
  A hobgoblin skeleton (D:11)
  A hobgoblin zombie (D:11)
  2 jackal skeletons
  20 kobolds
  2 kobold zombies (Ossuary)
  6 orc skeletons
  13 orc zombies
  5 quokka zombies
  7 rats
  2 briar patches (Swamp:2)
  A lurking horror (Abyss:4)
  6 plants
  2 tentacles (Abyss:4)
3040 creatures vanquished.

Vanquished Creatures (collateral kills)
  An ancient lich (Depths:5)
  the Enchantress (Depths:1)
  A tentacled monstrosity (Depths:2)
  A shadow dragon (Depths:4)
  A frost giant (Depths:3)
  A vault warden (Vaults:5)
  4 stone giants
  2 ironheart preservers (Vaults:5)
  A draconian annihilator (Zot:2)
  An ettin (Depths:3)
  A deep elf death mage (Depths:5)
  A yaktaur captain (Vaults:5)
  A great orb of eyes (Slime:6)
  An entropy weaver (Depths:5)
  A spriggan air mage (Depths:2)
  A dancing weapon (Elf:2)
  A deep troll earth mage (Depths:4)
  A hell knight (Depths:4)
  2 necromancers (Depths:4)
  An obsidian statue (Depths:2)
  A phantasmal warrior (Depths:2)
  A lindwurm (shapeshifter) (Depths:4)
  4 orb spiders
  A deep elf conjurer (Elf:1)
  2 ugly things (Vaults:4)
  6 jumping spiders
  A deep elf priest (Elf:1)
  A freezing wraith (Vaults:4)
  A slime creature (Depths:2)
  7 blink frogs
  A boulder beetle (Vaults:4)
  A yak (Lair:8)
  2 spriggans (Depths:1)
  An air elemental (Depths:5)
  3 redbacks
  A deep elf mage (Vaults:3)
  A mottled dragon (D:11)
  2 water elementals
  3 water moccasins (Lair:8)
  A spider (Lair:8)
  A boggart (Depths:2)
  A brain worm (shapeshifter) (Vaults:4)
  A troll zombie (D:11)
  2 killer bees
  2 jellies
  2 crimson imps (Depths:2)
  A sheep (D:9)
  2 gnolls
  5 adders
  An ooze (D:2)
  An orc (D:6)
  A giant cockroach (D:6)
  A goblin skeleton (D:11)
  A hobgoblin zombie (D:11)
  9 kobolds
  2 orc zombies (D:11)
  A quokka skeleton (D:6)
  3 plants
103 creatures vanquished.

Vanquished Creatures (others)
  An eldritch tentacle (Depths:5)
  A draconian zealot (Depths:5)
  A deep elf high priest (Vaults:5)
  A spriggan berserker (Depths:5)
  2 deep trolls (Depths:5)
  A hornet (Vaults:4)
  An ugly thing (Depths:1)
  2 yaktaurs (Vaults:4)
  A two-headed ogre (Vaults:3)
  A sky beast (shapeshifter) (Depths:4)
  A brain worm (Abyss:3)
  2 orcs
  A briar patch (Swamp:2)
  152 eldritch tentacle segments
  66 fungi
  4 lost souls
  42 plants
  2 starspawn tentacles (Abyss:3)
  2 tentacles (Abyss:4)
  12 tentacle segments (Abyss:4)
296 creatures vanquished.

Grand Total: 3439 creatures vanquished

Notes
Turn   | Place    | Note
--------------------------------------------------------------
     0 | D:1      | nago the Felid Transmuter began the quest for the Orb.
     0 | D:1      | Reached XP level 1. HP: 9/9 MP: 4/4
   407 | D:1      | Reached XP level 2. HP: 5/12 MP: 4/6
   412 | D:1      | Learned a level 2 spell: Sticks to Snakes
  1104 | D:2      | Reached skill level 3 in Transmutations
  1132 | D:2      | HP: 3/12 [ooze (4)]
  1145 | D:2      | Reached XP level 3. HP: 3/15 MP: 4/7
  1150 | D:2      | Learned a level 3 spell: Spider Form
  1866 | D:2      | Found a stormy altar of Qazlal.
  1888 | D:2      | Reached skill level 1 in Poison Magic
  2445 | D:2      | Reached XP level 4. HP: 19/19 MP: 4/8
  2565 | D:2      | HP: 4/19 [poisoned by an adder]
  2573 | D:2      | HP: 2/19 [poisoned by an adder]
  2867 | D:2      | Found a sparkling altar of Nemelex Xobeh.
  2869 | D:2      | Noticed Jessica
  2902 | D:2      | Killed Jessica
  2902 | D:2      | Reached skill level 4 in Transmutations
  2902 | D:2      | Reached skill level 2 in Poison Magic
  3542 | D:3      | Noticed Wiebster667's ghost (average SpEn)
  3568 | D:3      | HP: 4/19 [Wiebster667's ghost (11)]
  3587 | D:3      | Killed Wiebster667's ghost
  3587 | D:3      | Reached skill level 2 in Fighting
  3587 | D:3      | Reached skill level 4 in Unarmed Combat
  3587 | D:3      | Reached XP level 5. HP: 22/22 MP: 5/9
  3587 | D:3      | Gained mutation: You are covered in thick fur (AC +2). [Felid growth]
  3587 | D:3      | Reached XP level 6. HP: 26/26 MP: 5/10
  4322 | D:3      | Gained mutation: You have a pair of small antennae on your head. [potion of beneficial mutation]
  4323 | D:3      | Gained mutation: You possess an exceptional clarity of mind. [potion of beneficial mutation]
  4362 | D:4      | Reached skill level 5 in Unarmed Combat
  4822 | D:4      | Reached skill level 3 in Fighting
  5856 | D:5      | Entered Level 5 of the Dungeon
  5871 | D:5      | Found a staircase to the Ecumenical Temple.
  5879 | Temple   | Entered the Ecumenical Temple
  5938 | D:5      | Reached skill level 6 in Unarmed Combat
  5938 | D:5      | Reached XP level 7. HP: 26/31 MP: 8/11
  6379 | D:5      | Reached skill level 4 in Fighting
  6379 | D:5      | Reached skill level 7 in Unarmed Combat
  7058 | D:5      | Reached XP level 8. HP: 33/36 MP: 8/12
  7514 | D:5      | Found Univvepu's Gadget Emporium.
  7824 | D:6      | Found a radiant altar of Vehumet.
  7911 | D:6      | You fall through a shaft for 3 floors!
  7920 | D:9      | Reached skill level 8 in Unarmed Combat
  7950 | D:9      | Reached skill level 5 in Fighting
  8435 | D:9      | Found a staircase to the Lair.
  8435 | D:9      | Noticed an elephant
  8530 | D:8      | Reached skill level 9 in Unarmed Combat
  8667 | D:8      | Reached skill level 6 in Fighting
  9046 | D:7      | Found an opulent altar of Gozag.
  9135 | D:7      | Reached XP level 9. HP: 16/41 MP: 6/13
  9203 | D:7      | Found a sand-covered staircase.
  9211 | D:7      | HP: 10/41 [worker ant (4)]
  9214 | D:7      | HP: 3/41 [orc/tomahawk (2)]
  9214 | D:7      | Slain by a worker ant
  9215 | D:7      | Reached XP level 8. HP: -2/38 MP: 0/21
  9300 | D:7      | Reached skill level 10 in Unarmed Combat
  9306 | D:7      | HP: 6/39 [centaur (7)]
  9338 | D:7      | HP: 7/39 [orc wizard/magic dart (2)]
  9435 | Ossuary  | Entered an ossuary
 10136 | Ossuary  | Reached skill level 7 in Fighting
 10155 | Ossuary  | Learned a level 4 spell: Ice Form
 10410 | Ossuary  | Reached skill level 1 in Ice Magic
 10743 | D:7      | Found a white marble altar of Elyvilon.
 10752 | D:7      | Reached skill level 2 in Ice Magic
 10911 | D:6      | Reached XP level 9. HP: 43/43 MP: 13/13
 11241 | D:6      | Reached skill level 5 in Transmutations
 11324 | D:6      | Found an ancient bone altar of Kikubaaqudgha.
 11574 | D:6      | Found a shadowy altar of Dithmenos.
 11699 | D:6      | Found a sacrificial altar of Ru.
 11700 | D:6      | Found an iron altar of Okawaru.
 11714 | D:6      | Reached skill level 3 in Ice Magic
 11916 | D:6      | Found a basalt altar of Yredelemnul.
 12070 | D:6      | Became a worshipper of Dithmenos the Shadowed
 12287 | D:7      | Reached skill level 6 in Transmutations
 12679 | D:8      | Reached skill level 4 in Ice Magic
 13086 | D:8      | Reached skill level 7 in Transmutations
 13370 | D:8      | Noticed Grum
 13380 | D:8      | Killed Grum
 13380 | D:8      | Reached skill level 5 in Ice Magic
 13651 | D:8      | Reached XP level 10. HP: 47/47 MP: 11/14
 14024 | D:9      | Reached skill level 8 in Transmutations
 14178 | D:9      | Found a glowing silver altar of Zin.
 14178 | D:9      | Found a shimmering altar of Xom.
 14178 | D:9      | Noticed an angel
 14345 | D:9      | Reached skill level 3 in Spellcasting
 14390 | D:10     | Entered Level 10 of the Dungeon
 14416 | D:10     | Reached skill level 1 in Stealth
 14601 | D:10     | Noticed Harold
 14831 | D:10     | Noticed a hill giant
 14961 | D:10     | Reached skill level 2 in Stealth
 15015 | D:10     | Noticed a hill giant
 15039 | D:10     | Killed a hill giant
 15039 | D:10     | Reached skill level 3 in Stealth
 15039 | D:10     | Reached skill level 4 in Spellcasting
 15043 | D:10     | Reached skill level 4 in Stealth
 15390 | D:10     | Noticed a hill giant
 15417 | D:10     | Killed a hill giant
 15417 | D:10     | Reached skill level 5 in Stealth
 15847 | D:10     | Reached skill level 6 in Stealth
 15847 | D:10     | Reached skill level 5 in Spellcasting
 15873 | D:11     | Found Oteeka's Distillery.
 15873 | D:11     | Noticed a cyclops
 15914 | D:11     | Noticed Nergalle
 15914 | D:11     | Noticed Erolcha
 15917 | D:11     | Killed Erolcha
 15936 | D:10     | Killed Nergalle
 15936 | D:10     | Reached skill level 7 in Stealth
 16080 | D:11     | Reached XP level 11. HP: 51/51 MP: 19/19
 16086 | D:11     | Acquired Dithmenos's first power
 16086 | D:11     | Reached skill level 8 in Fighting
 16092 | D:11     | Reached skill level 8 in Stealth
 16442 | D:11     | Killed a cyclops
 16531 | D:11     | Bought a potion of agility for 44 gold pieces
 16531 | D:11     | Bought 2 potions of haste for 220 gold pieces
 16531 | D:11     | Bought a potion of berserk rage for 55 gold pieces
 16531 | D:11     | Bought a potion of lignification for 33 gold pieces
 16565 | D:11     | Noticed a wizard
 16636 | D:11     | Found a staircase to the Orcish Mines.
 16650 | D:11     | Reached skill level 9 in Stealth
 17165 | D:11     | Reached skill level 9 in Fighting
 17187 | D:11     | Acquired Dithmenos's second power
 17248 | D:11     | Reached skill level 10 in Stealth
 17310 | D:11     | Noticed an unseen horror
 17324 | D:11     | Killed an unseen horror
 17537 | D:11     | HP: 15/63 [centaur (1)]
 17540 | D:11     | HP: 6/63 [centaur/arrow of flame (3)]
 17547 | D:11     | HP: 11/63 [centaur (1)]
 17637 | D:11     | HP: 8/53 [orc warrior/hand axe (8)]
 18181 | D:11     | Reached skill level 11 in Stealth
 18427 | D:11     | Killed a wizard
 18427 | D:11     | Reached skill level 10 in Fighting
 18562 | D:12     | Noticed a hill giant
 18576 | D:12     | Killed a hill giant
 18576 | D:12     | Reached skill level 3 in Dodging
 18787 | D:12     | Reached skill level 4 in Dodging
 18964 | D:12     | Gained mutation: Your thick and shaggy fur keeps you warm (AC +3, rC+). [Felid growth]
 18964 | D:12     | Reached XP level 12. HP: 58/58 MP: 20/20
 18974 | D:12     | HP: 11/69 [cyan ugly thing (9)]
 18975 | D:12     | Slain by a cyan ugly thing
 18976 | D:12     | Reached XP level 11. HP: 0/64 MP: 0/28
 18996 | D:12     | Reached skill level 5 in Dodging
 19250 | D:12     | Reached skill level 11 in Unarmed Combat
 19268 | D:12     | HP: 12/64 [queen bee (6)]
 19682 | D:12     | Reached skill level 6 in Dodging
 19887 | D:12     | HP: 13/54 [poisoned by a killer bee]
 20409 | D:12     | Reached skill level 7 in Dodging
 20420 | D:12     | Noticed an unseen horror
 20427 | D:12     | Killed an unseen horror
 20560 | D:12     | Acquired Dithmenos's third power
 20848 | D:13     | Reached skill level 8 in Dodging
 20948 | D:13     | Noticed a centaur warrior
 20953 | D:13     | Killed a centaur warrior
 21070 | D:13     | Reached skill level 9 in Dodging
 21147 | D:13     | Reached skill level 12 in Unarmed Combat
 21533 | D:14     | Found a shadowy altar of Dithmenos.
 21604 | D:14     | Reached XP level 12. HP: 58/58 MP: 20/20
 21653 | D:14     | Reached skill level 10 in Dodging
 21856 | D:14     | Noticed a necromancer
 21856 | D:14     | Noticed a wizard
 21883 | D:14     | Killed a wizard
 21902 | D:14     | Killed a necromancer
 21929 | D:14     | Found a gate to the Vaults.
 21929 | D:14     | Noticed a vault guard
 21929 | D:14     | Noticed a necromancer
 21929 | D:14     | Noticed a vault guard
 21932 | D:14     | Killed a vault guard
 21932 | D:14     | Reached skill level 11 in Dodging
 21968 | D:14     | Killed a vault guard
 22027 | D:14     | Killed a necromancer
 22145 | D:14     | Reached skill level 13 in Unarmed Combat
 22334 | D:14     | Noticed Nessos
 22491 | D:14     | Found a portal to a secret trove of treasure.
 22768 | D:14     | Reached skill level 12 in Dodging
 23180 | D:9      | Killed an elephant
 23239 | Lair:1   | Entered Level 1 of the Lair of Beasts
 23257 | Lair:1   | Gained mutation: You can spit weak poison. [potion of beneficial mutation]
 23870 | Lair:1   | Reached XP level 13. HP: 61/61 MP: 21/21
 24633 | Lair:2   | Acquired Dithmenos's fourth power
 24895 | Lair:2   | Reached skill level 12 in Stealth
 26043 | Lair:3   | Reached skill level 14 in Unarmed Combat
 26098 | Lair:3   | Found a staircase to the Swamp.
 26293 | Lair:3   | Noticed Gastronok
 26343 | Lair:3   | Noticed Fannar
 26348 | Lair:3   | Killed Fannar
 26348 | Lair:3   | Reached skill level 13 in Stealth
 26476 | Lair:3   | Found a hole to the Spider Nest.
 27508 | Lair:4   | Reached skill level 14 in Stealth
 28071 | Lair:4   | Drew Focus: Dex increased to 21, Str decreased to 5
 28118 | Lair:5   | Found a dark tunnel.
 28146 | Volcano  | Entered a volcano
 28376 | Lair:5   | Reached XP level 14. HP: 66/66 MP: 22/22
 28596 | Lair:5   | Reached skill level 15 in Unarmed Combat
 28598 | Lair:5   | Reached skill level 15 in Stealth
 29886 | Lair:6   | Reached skill level 9 in Transmutations
 30615 | Lair:7   | Reached skill level 11 in Fighting
 30805 | Lair:7   | Reached skill level 10 in Transmutations
 32151 | Lair:8   | Entered Level 8 of the Lair of Beasts
 32286 | Lair:8   | HP: 18/81 [yak[a torpor snail] (10)]
 32288 | Lair:8   | HP: 3/81 [yak (8)]
 32704 | Lair:8   | Reached skill level 11 in Transmutations
 32738 | Lair:8   | Reached skill level 1 in Invocations
 32853 | Lair:8   | Reached skill level 12 in Fighting
 32999 | Lair:8   | Reached skill level 2 in Invocations
 33406 | Lair:8   | Reached skill level 3 in Invocations
 33529 | Lair:8   | Reached XP level 15. HP: 68/72 MP: 23/23
 33605 | Lair:8   | Found a staircase to the Slime Pits.
 33846 | Lair:8   | Reached skill level 4 in Invocations
 34583 | Lair:8   | Reached skill level 5 in Invocations
 34772 | Lair:8   | Identified a scroll of acquirement
 35273 | D:14     | You paid a toll of 2 potions of cure mutation to enter a treasure trove
 35274 | Trove    | Entered a treasure trove
 35784 | Lair:1   | Learned a level 5 spell: Blade Hands
 35863 | D:11     | Noticed a centaur warrior
 35885 | D:11     | Killed a centaur warrior
 35936 | Orc:1    | Entered Level 1 of the Orcish Mines
 35936 | Orc:1    | Found Zehafeam's Antique Armour Shoppe.
 35936 | Orc:1    | Found Qausi's Distillery.
 36074 | Orc:1    | Bought a potion of heal wounds for 65 gold pieces
 36088 | Orc:1    | Noticed Maurice
 36090 | Orc:1    | Killed Maurice
 36197 | Orc:1    | Found Miubunuu's Weapon Emporium.
 36231 | Orc:1    | Found a roughly hewn altar of Beogh.
 36443 | Orc:1    | Found Suehuoc's Magic Scroll Boutique.
 36597 | Orc:1    | Bought a scroll of magic mapping for 45 gold pieces
 36676 | Orc:2    | Found a roughly hewn altar of Beogh.
 36844 | Orc:3    | Reached skill level 13 in Fighting
 36914 | Orc:3    | Found Geasmaa's Antique Armour Shop.
 37407 | Orc:3    | Reached skill level 6 in Invocations
 37475 | Orc:3    | Found a roughly hewn altar of Beogh.
 37948 | Orc:2    | Noticed Josephine
 37952 | Orc:2    | Killed Josephine
 38010 | Orc:4    | Entered Level 4 of the Orcish Mines
 38546 | Orc:4    | Found a staircase to the Elven Halls.
 38609 | Orc:4    | Noticed Donald
 38617 | Orc:4    | Killed Donald
 38761 | Orc:4    | Reached skill level 14 in Fighting
 38828 | Orc:4    | Found Utiecuoj's Armour Shop.
 38837 | Orc:4    | Found Esmaus's Jewellery Emporium.
 39281 | Orc:4    | Found Usihug's Antique Armour Shop.
 39556 | Orc:4    | Found Fovad's Armour Emporium.
 39875 | Orc:4    | Bought the ring "Miuts" {rElec rF+ MP+9 Str-2 SInv} for 508 gold pieces
 39988 | Orc:1    | Bought a scroll of blinking for 97 gold pieces
 39988 | Orc:1    | Bought a scroll of fear for 45 gold pieces
 39988 | Orc:1    | Bought a scroll of teleportation for 39 gold pieces
 39988 | Orc:1    | Bought a scroll of holy word for 97 gold pieces
 40028 | Orc:1    | Bought a potion of agility for 52 gold pieces
 40028 | Orc:1    | Bought a potion of might for 52 gold pieces
 40028 | Orc:1    | Bought a potion of heal wounds for 65 gold pieces
 40028 | Orc:1    | Bought a potion of resistance for 130 gold pieces
 40028 | Orc:1    | Bought 2 potions of might for 104 gold pieces
 40253 | D:15     | Entered Level 15 of the Dungeon
 40904 | D:15     | Reached skill level 15 in Fighting
 40980 | D:15     | Found a shimmering altar of Xom.
 41083 | D:15     | Found Aruly's Assorted Antiques.
 41084 | D:15     | Noticed Roxanne
 41091 | D:15     | Bought a ring of evasion for 42 gold pieces
 41365 | D:15     | Found a staircase to the Depths.
 41638 | D:15     | Reached XP level 16. HP: 81/81 MP: 24/24
 42239 | Spider:1 | Entered Level 1 of the Spider Nest
 43287 | Spider:1 | Reached skill level 16 in Unarmed Combat
 45766 | Spider:3 | HP: 20/81 [emperor scorpion (6)]
 46382 | Spider:4 | Entered Level 4 of the Spider Nest
 46658 | Spider:4 | Reached skill level 16 in Stealth
 46659 | Spider:4 | Reached skill level 17 in Unarmed Combat
 48068 | Spider:4 | Got a gossamer rune of Zot
 48404 | Spider:4 | Reached XP level 17. HP: 47/85 MP: 5/25
 49141 | Swamp:1  | Entered Level 1 of the Swamp
 49148 | Lair:3   | Reached skill level 17 in Stealth
 49783 | Swamp:1  | Reached skill level 18 in Unarmed Combat
 51963 | Swamp:3  | Learned a level 1 spell: Apportation
 51966 | Swamp:3  | Learned a level 2 spell: Blink
 51976 | Swamp:3  | Reached skill level 18 in Stealth
 52038 | Swamp:3  | Reached skill level 1 in Translocations
 52489 | Swamp:3  | Reached skill level 2 in Translocations
 52922 | Swamp:4  | Entered Level 4 of the Swamp
 52946 | Swamp:4  | Reached skill level 3 in Translocations
 52990 | Swamp:4  | Got a decaying rune of Zot
 52991 | Swamp:4  | Reached skill level 4 in Translocations
 52992 | Swamp:4  | Reached skill level 19 in Unarmed Combat
 52997 | Swamp:4  | HP: 19/85 [thorn hunter/volley of thorns (33)]
 53420 | Vaults:1 | Entered Level 1 of the Vaults
 53967 | Vaults:1 | Reached skill level 5 in Translocations
 54344 | Vaults:1 | Learned a level 2 spell: Repel Missiles
 54346 | Vaults:1 | Reached skill level 6 in Translocations
 54583 | Vaults:1 | Reached skill level 1 in Charms
 54879 | Vaults:1 | Reached XP level 18. HP: 76/89 MP: 26/26
 55049 | Vaults:1 | Found Rocil's Armour Boutique.
 55059 | Vaults:1 | Reached skill level 2 in Charms
 55495 | Vaults:1 | Reached skill level 3 in Charms
 56082 | Vaults:2 | Found Qagyq's General Store.
 56082 | Vaults:2 | Found Gih Hili's Antique Armour Shop.
 56107 | Vaults:2 | Found a magical portal.
 56116 | WizLab   | Entered Doroklohe's Tomb
 56285 | WizLab   | Reached skill level 4 in Charms
 56309 | WizLab   | Noticed a greater mummy
 56320 | WizLab   | Killed a greater mummy
 56350 | WizLab   | Reached skill level 20 in Unarmed Combat
 56789 | WizLab   | Reached skill level 5 in Charms
 56932 | Vaults:2 | Reached skill level 1 in Air Magic
 56993 | Vaults:2 | Reached skill level 2 in Air Magic
 57283 | Vaults:2 | Gained mutation: You are partially covered in large bone plates (AC +2, SH +2). [potion of beneficial mutation]
 57301 | Vaults:2 | Found Huguodel's Food Shoppe.
 57339 | Vaults:2 | Learned a level 3 spell: Regeneration
 57415 | Vaults:2 | Reached skill level 13 in Dodging
 57424 | Vaults:2 | Reached skill level 3 in Air Magic
 57656 | Vaults:2 | Reached skill level 1 in Necromancy
 57746 | Vaults:2 | Reached skill level 2 in Necromancy
 57979 | Vaults:2 | Found Goimol's Jewellery Emporium.
 58033 | Vaults:2 | Reached skill level 3 in Necromancy
 58408 | Vaults:2 | Bought an uncursed ring of invisibility for 570 gold pieces
 58484 | Vaults:2 | Reached skill level 4 in Necromancy
 58533 | Vaults:2 | Reached skill level 14 in Dodging
 58533 | Vaults:2 | Reached skill level 1 in Evocations
 59013 | Vaults:3 | Reached skill level 2 in Evocations
 59375 | Vaults:3 | Reached skill level 3 in Evocations
 59529 | Vaults:3 | Learned a level 1 spell: Animate Skeleton
 59534 | Vaults:3 | Learned a level 4 spell: Animate Dead
 59930 | Vaults:3 | Reached skill level 4 in Evocations
 60083 | Vaults:3 | Reached XP level 19. HP: 42/93 MP: 10/27
 60205 | Vaults:3 | Reached skill level 5 in Evocations
 60397 | Vaults:3 | Reached skill level 15 in Dodging
 60522 | Vaults:3 | HP: 19/93 [tentacled monstrosity (6)]
 60824 | Vaults:3 | Found a staircase to the Crypt.
 61057 | Vaults:3 | Reached skill level 6 in Evocations
 61742 | Vaults:4 | Reached skill level 7 in Evocations
 61898 | Vaults:4 | Reached skill level 16 in Dodging
 61918 | Vaults:4 | Reached skill level 8 in Evocations
 62522 | Vaults:4 | Mangled by an ettin
 62523 | Vaults:4 | Reached XP level 18. HP: -7/89 MP: 0/35
 62697 | Vaults:4 | Reached skill level 7 in Translocations
 62717 | Vaults:4 | Reached skill level 19 in Stealth
 62947 | Vaults:4 | Reached skill level 8 in Translocations
 63563 | Depths:1 | Entered Level 1 of the Depths
 63763 | Depths:1 | Reached skill level 9 in Translocations
 63824 | Depths:1 | HP: 22/89 [merfolk impaler/trident of piercing (24)]
 64057 | Depths:1 | Reached XP level 19. HP: 93/93 MP: 27/27
 64066 | Depths:1 | Reached skill level 10 in Translocations
 64149 | Depths:1 | Found a snail-covered altar of Cheibriados.
 64254 | Depths:1 | Noticed Saint Roka
 64266 | Depths:1 | Killed Saint Roka
 64373 | Depths:1 | Noticed the Enchantress
 64392 | Depths:1 | Reached skill level 20 in Stealth
 64398 | Depths:1 | Your ally Saint Roka died
 64564 | Depths:1 | HP: 21/93 [spriggan rider/spear[the Enchantress] (11)]
 64573 | Depths:1 | Killed the Enchantress
 64573 | Depths:1 | Reached skill level 11 in Translocations
 64876 | Depths:1 | Got a faerie dragon armour
 64881 | Depths:1 | Identified the +2 faerie dragon armour {rF+} (You took it off the Enchantress on level 1 of the Depths)
 64925 | Depths:1 | Found a gateway to Hell.
 65069 | Depths:1 | Reached skill level 12 in Translocations
 65192 | Depths:1 | Found a runed door.
 65281 | Depths:1 | Got a brightly glowing wooden ring
 65282 | Depths:1 | Identified the ring "Wilej" {rN+ Stlth-} (You found it on level 1 of the Depths)
 65430 | Depths:2 | Found an iron altar of Okawaru.
 65669 | Depths:2 | Reached skill level 5 in Necromancy
 65688 | Depths:2 | Reached skill level 6 in Spellcasting
 65905 | Depths:2 | Found a one-way gate leading to the halls of Pandemonium.
 66107 | Depths:2 | Reached skill level 6 in Necromancy
 66354 | Depths:2 | Reached skill level 7 in Spellcasting
 66799 | Depths:2 | Reached skill level 8 in Spellcasting
 66840 | Depths:1 | Learned a level 5 spell: Phase Shift
 67079 | Depths:2 | HP: 20/93 [deep troll earth mage/blast of rock fragments (26)]
 67178 | Depths:2 | Reached skill level 9 in Spellcasting
 67844 | Depths:2 | Reached skill level 10 in Spellcasting
 67911 | Depths:2 | Reached XP level 20. HP: 88/97 MP: 35/35
 68637 | Depths:3 | Found Etioqy's Jewellery Boutique.
 68668 | Depths:3 | Reached skill level 17 in Dodging
 69000 | Depths:3 | Found Beerurri's Assorted Antiques.
 69002 | Depths:3 | Found a one-way gate to the infinite horrors of the Abyss.
 69161 | Depths:3 | Found Watsan's General Store.
 69169 | Depths:3 | Bought a potion of might for 52 gold pieces
 69230 | Depths:3 | Found Sackyan's Assorted Antiques.
 69235 | Depths:3 | Bought a scroll of fear for 126 gold pieces
 69236 | Depths:3 | Found Nint's Assorted Antiques.
 69279 | Depths:3 | Found a shimmering altar of Xom.
 69626 | Depths:4 | Noticed Mennas
 69628 | Depths:4 | Killed Mennas
 69628 | Depths:4 | Reached skill level 16 in Fighting
 69649 | Depths:4 | Reached skill level 18 in Dodging
 69977 | Depths:4 | Found Upyacuir's Weapon Boutique.
 70435 | Depths:4 | Found Kaer's Weapon Shoppe.
 70588 | Depths:4 | Noticed a caustic shrike
 70590 | Depths:4 | Noticed a caustic shrike
 70595 | Depths:4 | Noticed a caustic shrike
 70599 | Depths:4 | Killed a caustic shrike
 70622 | Depths:4 | Noticed a lich
 70639 | Depths:4 | Killed a lich
 70709 | Depths:4 | Learned a level 1 spell: Summon Butterflies
 70846 | Depths:4 | Noticed a caustic shrike
 70855 | Depths:4 | Killed a caustic shrike
 71038 | Depths:4 | Reached skill level 19 in Dodging
 71421 | Depths:4 | Reached skill level 17 in Fighting
 71434 | Depths:4 | Reached XP level 21. HP: 75/104 MP: 15/36
 71862 | Depths:4 | Killed a caustic shrike
 71902 | Depths:4 | Killed a caustic shrike
 72170 | Depths:5 | Entered Level 5 of the Depths
 72589 | Depths:5 | HP: 24/105 [something/blast of rock fragments (25)]
 72591 | Depths:5 | HP: 1/105 [something/blast of rock fragments (25)]
 72746 | Depths:5 | HP: 24/105 [fire giant/great sword of flaming (19)]
 72748 | Depths:5 | Reached skill level 20 in Dodging
 72755 | Depths:5 | Demolished by a vampire knight
 72756 | Depths:5 | Reached XP level 20. HP: -17/100 MP: 0/44
 72816 | Depths:5 | Noticed an ancient lich
 72817 | Depths:5 | Found a gateway to a ziggurat.
 72830 | Depths:5 | Killed an ancient lich
 73386 | Depths:5 | Reached skill level 18 in Fighting
 73574 | Depths:5 | HP: 18/102 [spriggan rider/spear[a spriggan berserker] (20)]
 73780 | Depths:5 | HP: 17/102 [spriggan air mage/the air[a spriggan berserker] (19)]
 74649 | Depths:5 | Found a gate to the Realm of Zot.
 74947 | Depths:5 | Reached skill level 9 in Evocations
 75668 | Crypt:1  | Entered Level 1 of the Crypt
 75685 | Crypt:1  | Reached XP level 21. HP: 98/106 MP: 35/36
 75724 | Vaults:3 | Reached skill level 10 in Evocations
 76196 | Crypt:1  | Reached skill level 11 in Evocations
 76603 | Crypt:2  | Noticed Xtahua
 76605 | Crypt:2  | Killed Xtahua
 76675 | Crypt:2  | Reached skill level 6 in Charms
 76762 | Crypt:2  | Reached skill level 12 in Evocations
 76852 | Crypt:2  | Reached skill level 7 in Charms
 76927 | Crypt:2  | Noticed Frederick
 76929 | Crypt:2  | Killed Frederick
 76937 | Crypt:2  | Killed the ghostly Frederick
 77289 | Crypt:2  | Found an ancient bone altar of Kikubaaqudgha.
 77536 | Crypt:2  | Reached skill level 13 in Evocations
 77595 | Crypt:3  | Entered Level 3 of the Crypt
 77604 | Crypt:3  | Reached skill level 8 in Charms
 78102 | Crypt:3  | Reached skill level 9 in Charms
 78209 | Crypt:3  | Reached skill level 14 in Evocations
 78266 | Crypt:3  | Found a staircase to the Tomb.
 78531 | Crypt:3  | Reached skill level 10 in Charms
 78596 | Crypt:3  | Noticed an ancient lich
 78608 | Crypt:3  | Reached skill level 15 in Evocations
 78655 | Crypt:3  | Killed an ancient lich
 78663 | Crypt:3  | Got a faintly humming plate armour
 78664 | Crypt:3  | Identified the +1 plate armour of Miracles {rF+ Dex+4} (You found it on level 3 of the Crypt)
 78671 | Crypt:3  | Identified the Tome of Sinister Magic
 78688 | Crypt:3  | Identified Sif Muna's Disquisition on Air (You found it on level 3 of the Crypt)
 78692 | Crypt:3  | Got a shimmering ivory ring
 78693 | Crypt:3  | Identified the cursed ring "Riemasem" {+Inv Str-3} (You found it on level 3 of the Crypt)
 79125 | Vaults:3 | Reached skill level 11 in Charms
 79372 | Lair:1   | Learned a level 6 spell: Haste
 79376 | Lair:1   | Learned a level 3 spell: Vampiric Draining
 79519 | Elf:1    | Entered Level 1 of the Elven Halls
 79922 | Elf:1    | Found an ancient bone altar of Kikubaaqudgha.
 80102 | Elf:1    | Reached XP level 22. HP: 109/111 MP: 37/37
 80395 | Elf:1    | Reached skill level 16 in Evocations
 81073 | Elf:1    | Reached skill level 12 in Charms
 81464 | Elf:2    | Found a radiant altar of Vehumet.
 81827 | Elf:2    | Found a runed gate.
 81829 | Elf:2    | Found a runed gate.
 81830 | Elf:2    | Found a runed gate.
 82123 | Elf:2    | Reached skill level 13 in Charms
 82227 | Elf:2    | Reached skill level 11 in Spellcasting
 82587 | Elf:3    | Entered Level 3 of the Elven Halls
 83294 | Elf:3    | Reached skill level 12 in Spellcasting
 83409 | Elf:3    | Got a pitted steel ring
 83414 | Elf:3    | Got a fine marble ring
 83416 | Elf:3    | Identified the ring of Ibiowky {Fire Int+4} (You took it off a deep elf demonologist on level 3 of the Elven Halls)
 83418 | Elf:3    | Identified the ring of Ofoylubu {MR+ Int+3 Dex+2 Slay+2 Stlth-} (You took it off a deep elf mage on level 3 of the Elven Halls)
 83607 | Elf:3    | Got an ancient golden ring
 83817 | Elf:3    | Identified the Papyrus of the Cricket
 83830 | Elf:3    | Identified Xihesch's Disquisition on the Shifting Entourage
 83835 | Elf:3    | Learned a level 3 spell: Passwall
 83840 | Elf:3    | Identified the ring "Reulu" {rElec rPois Dex+4} (You took it off a deep elf sorcerer on level 3 of the Elven Halls)
 84663 | Lair:1   | Learned a level 2 spell: Sublimation of Blood
 84670 | Lair:1   | Identified Roxanne's Grimoire of Moulding (You acquired it on level 1 of the Lair of Beasts)
 84847 | Orc:4    | Bought the amulet of Wacwot {rCorr rF++ Str+4 Stlth-} for 824 gold pieces
 85246 | Lair:7   | Reached skill level 1 in Earth Magic
 85304 | Slime:1  | Entered Level 1 of the Pits of Slime
 85359 | Slime:3  | Noticed Dissolution
 85399 | Slime:3  | Reached skill level 2 in Earth Magic
 85411 | Slime:2  | Killed Dissolution
 85411 | Slime:2  | Reached skill level 13 in Spellcasting
 85411 | Slime:2  | Reached skill level 3 in Earth Magic
 85769 | Slime:6  | Entered Level 6 of the Pits of Slime
 85781 | Slime:6  | Reached XP level 23. HP: 115/115 MP: 41/41
 85790 | Slime:6  | Noticed the royal jelly
 85805 | Slime:6  | Killed the royal jelly
 85805 | Slime:6  | Reached skill level 14 in Spellcasting
 86095 | Slime:6  | HP: 25/115 [azure jelly (5)]
 86681 | Slime:6  | Got a slimy rune of Zot
 86739 | Slime:6  | Identified Kerounat's Compendium of Boosts and Air
 87111 | Lair:1   | Learned a level 6 spell: Hydra Form
 87276 | Lair:1   | Learned a level 6 spell: Deflect Missiles
 87637 | Vaults:5 | Entered Level 5 of the Vaults
 87644 | Vaults:4 | Reached skill level 15 in Spellcasting
 87652 | Vaults:5 | Noticed Wiglaf
 87706 | Vaults:4 | Killed Wiglaf
 87873 | Vaults:4 | Reached skill level 16 in Spellcasting
 88306 | Vaults:5 | Identified the Volume of Feathery Protection
 88407 | Vaults:5 | Reached skill level 17 in Spellcasting
 88488 | Vaults:5 | Got a brightly glowing turquoise ring
 88489 | Vaults:5 | Identified the ring "Uteajeh" {rElec rC+} (You found it on level 5 of the Vaults)
 88656 | Vaults:5 | Reached skill level 19 in Fighting
 88853 | Vaults:5 | Reached XP level 24. HP: 118/120 MP: 16/45
 88898 | Vaults:5 | Got an ancient pewter ring
 88899 | Vaults:5 | Identified the ring "Pufupre" {+/*Tele rN+ Int+2} (You took it off an ironheart preserver on level 5 of the Vaults)
 88987 | Vaults:5 | Got a silver rune of Zot
 88989 | Vaults:5 | Identified Cigotuvi's Tome of Transmigration
 88993 | Vaults:5 | Learned a level 2 spell: Stoneskin
 89507 | Vaults:5 | Reached skill level 20 in Fighting
 90290 | Depths:3 | Voluntarily entered the Abyss.
 90647 | Abyss:3  | Found a corrupted altar of Lugonu.
 90986 | Abyss:3  | Reached skill level 21 in Unarmed Combat
 91138 | Abyss:3  | Found a sacrificial altar of Ru.
 91314 | Abyss:3  | Found a corrupted altar of Lugonu.
 91497 | Abyss:3  | Found a corrupted altar of Lugonu.
 91539 | Abyss:3  | Found a corrupted altar of Lugonu.
 91681 | Abyss:4  | Got an abyssal rune of Zot
 91965 | Depths:3 | Escaped the Abyss
 92583 | Zig:1    | Entered Level 1 of a ziggurat
 92603 | Zig:2    | Entered Level 2 of a ziggurat
 92757 | Zig:3    | Entered Level 3 of a ziggurat
 92950 | Zig:4    | Entered Level 4 of a ziggurat
 93105 | Zig:5    | Entered Level 5 of a ziggurat
 93279 | Zig:6    | Entered Level 6 of a ziggurat
 93328 | Zig:6    | Reached skill level 7 in Invocations
 93477 | Zig:7    | Entered Level 7 of a ziggurat
 93480 | Zig:7    | Noticed Rape the pandemonium lord
 93497 | Zig:7    | Killed Rape the pandemonium lord
 93499 | Zig:7    | HP: 30/158 [Ice Fiend (23)]
 93499 | Zig:7    | HP: 12/158 [Ice Fiend (18)]
 93525 | Zig:7    | Got a scorched golden ring
 93526 | Zig:7    | Identified the cursed ring of Adioh {+Inv rElec Int+2 Slay-3} (You found it on level 7 of a ziggurat)
 93693 | Zig:8    | Entered Level 8 of a ziggurat
 93725 | Zig:8    | Reached skill level 22 in Unarmed Combat
 93737 | Zig:8    | Reached skill level 8 in Invocations
 93845 | Zig:9    | Entered Level 9 of a ziggurat
 94006 | Zig:10   | Entered Level 10 of a ziggurat
 94056 | Zig:10   | Learned a level 3 spell: Tukima's Dance
 94181 | Zig:11   | Entered Level 11 of a ziggurat
 94195 | Zig:11   | Got a heavily runed ivory ring
 94196 | Zig:11   | Got a vibrating steel ring
 94197 | Zig:11   | HP: 28/122 [revenant] (6)]
 94202 | Depths:5 | HP: 21/122 [soul eater/drain life (12)]
 94232 | Depths:5 | Identified the ring "Ykuinadgh" {rF+ MP+9 AC+4 Int+3} (You found it on level 11 of a ziggurat)
 94233 | Depths:5 | Identified the ring "Kamu" {MR+ Dex+3} (You found it on level 11 of a ziggurat)
 94414 | Depths:5 | Reached skill level 1 in Hexes
 94436 | Depths:5 | Reached skill level 9 in Invocations
 94457 | Depths:5 | Learned a level 6 spell: Darkness
 94482 | Depths:5 | Reached skill level 2 in Hexes
 94482 | Depths:5 | Reached XP level 25. HP: 97/126 MP: 37/45
 94531 | Depths:5 | Reached skill level 3 in Hexes
 94597 | Zot:1    | Entered Level 1 of the Realm of Zot
 94834 | Zot:1    | Reached skill level 4 in Hexes
 95042 | Zot:1    | Reached skill level 5 in Hexes
 95126 | Zot:1    | Cast into the Abyss (a Zot trap)
 95139 | Zot:1    | Escaped the Abyss
 95300 | Zot:1    | Reached skill level 6 in Hexes
 95300 | Zot:1    | Reached skill level 10 in Invocations
 95485 | Zot:2    | Reached skill level 7 in Hexes
 95725 | Zot:2    | Reached skill level 8 in Hexes
 96050 | Zot:2    | Reached skill level 9 in Hexes
 96146 | Zot:2    | Reached skill level 11 in Invocations
 96519 | Zot:3    | Reached skill level 10 in Hexes
 96787 | Zot:3    | You fall through a shaft!
 96895 | Zot:3    | Reached skill level 11 in Hexes
 97154 | Zot:3    | Reached skill level 12 in Invocations
 97328 | Zot:3    | Reached skill level 12 in Hexes
 97643 | Zot:4    | Got a clouded amethyst amulet
 97644 | Zot:4    | Identified the amulet "Zewuhome" {Inacc rElec Int+8 Dex-4} (You found it on level 4 of the Realm of Zot)
 98278 | Zot:4    | Reached skill level 23 in Unarmed Combat
 98501 | Zot:5    | Entered Level 5 of the Realm of Zot
 98869 | Zot:5    | Reached XP level 26. HP: 130/130 MP: 35/45
 99036 | Zot:5    | Got a transparent brass ring
 99038 | Zot:5    | Identified the ring "Dystroybu" {*Drain rElec MR++ MP+9 SInv} (You found it on level 5 of the Realm of Zot)
 99109 | Zot:5    | Noticed an orb of fire
 99111 | Zot:5    | Killed an orb of fire
 99202 | Zot:5    | Reached skill level 24 in Unarmed Combat
 99348 | Zot:5    | Noticed an ancient lich
 99348 | Zot:5    | Noticed an orb of fire
 99349 | Zot:5    | Noticed an orb of fire
 99350 | Zot:5    | Killed an orb of fire
 99362 | Zot:5    | Killed an ancient lich
 99372 | Zot:5    | Killed an orb of fire
 99457 | Zot:5    | Reached skill level 25 in Unarmed Combat
 99461 | Zot:5    | Noticed an ancient lich
 99472 | Zot:5    | Killed an ancient lich
 99748 | Zot:5    | Got the Orb of Zot
100372 | D:$      | Escaped with the Orb!

Vault maps used:
D:1:      minmay_arrival_wavy_path, grunt_decor_fettered, minmay_surrounded
D:2:      grunt_qazlal_clouds, nemelex_lonely_heart_becter
D:3:      first_bread
D:5:      wad_river_or_something, minmay_temple_entry_statues_pillars,
          serial_shops, nicolae_shop_waterfront, kennysheep_generic_room_16
D:6:      grunt_temple_overflow_cloverleaf, old_standard_altar,
          old_standard_altar, minmay_misc_feat_four_crosses
D:7:      nicolae_gozag_seed_capital, lemuel_round_altar,
          gup_ossuary_entry_pyramid
D:8:      uniq_grum
D:9:      grunt_temple_overflow_order_and_chaos_1, david_lair_generic,
          grunt_ministairs_2
D:10:     uniq_harold
D:11:     zombieorc2_lemuel, serial_shops, nicolae_shop_stone,
          portal_ice_cave_entry_pillars_01, uniq_nergalle, uniq_erolcha
D:12:     special_room, blue_anna_alchemist
D:14:     grunt_vaults_entry_tiered, grunt_dithmenos_smoke,
          nicolae_trove_entry_crystal, uniq_nessos
D:15:     hangedman_depths_entry_try_elsewhere_first, nrook_mini_vaults,
          serial_shops, shop, basic_altar, uniq_roxanne
Temple:   temple_eino_lava_8
Lair:2:   nicolae_quartered_pool_little, bh_autumn_forest_stairs
Lair:3:   minmay_swamp_entry_swarm, spider_nest_entry_a, grunt_megastairs_4,
          lemuel_fruit_tree, infiniplex_staircase_pool, uniq_fannar,
          uniq_gastronok
Lair:4:   beast_lair_carwin_large_4
Lair:5:   nicolae_volcano_entry_two_sided, grunt_megastairs_3
Lair:6:   grunt_forest_large_clearings
Lair:7:   beast_lair_carwin_5
Lair:8:   hangedman_lair_tendril_chambers, minmay_slime_entry_pillars,
          nicolae_quartered_pool_super, serial_bayou_shore_a
Swamp:1:  hangedman_swamp_blocks
Swamp:2:  evilmike_swamp_ruin_house_6
Swamp:3:  evilmike_swamp_ruin_house_4, swamp_pool4
Swamp:4:  swamp_alternative
Spider:1: spider_trap
Spider:4: grunt_spider_rune_circles, minmay_another_anthill
Slime:2:  cheibrodos_slime_lost_civilization_4
Slime:3:  dissolution_awaits
Slime:5:  basic_altar
Orc:1:    basic_altar, serial_shops, shop, shop, shop, shop, uniq_maurice
Orc:2:    basic_altar, uniq_josephine
Orc:3:    orc_temple, serial_shops, nicolae_shop_temple_entry_statues_fountains,
          nicolae_orc_pool_cavern
Orc:4:    st_orc_elflike, uniq_donald
Elf:1:    basic_altar, hangedman_elven_crosses_minicolossus,
          serial_sigils_hangedman_snap
Elf:2:    basic_altar
Elf:3:    minmay_elf_hall_quartered_circle
Vaults:1: v_misc_11, vaults_room_octagon, v_misc_12, v_misc_25,
          vaults_mumra_lcd, v_alt_pattern_5, ontoclasm_vaults_gateway,
          nicolae_vaults_little_squares_3, vaults_dpeg_diagonal,
          st_spiral_rooms, dpeg_vaults_monster_box
Vaults:2: v_misc_2, vaults_room_door_hall, v_misc_3, v_misc_22,
          hangedman_vaults_variations, hangedman_vaults_stream,
          grunt_vaults_diagonal, nicolae_vaults_little_ls, ontoclasm_vaults_eye,
          vaults_room_stairs_pillars, nicolae_vaults_little_squares_2,
          serial_shops, shop_fountains, shop_statue, nicolae_shop_behind_doors,
          shop, mu_enter_wizlab_6
Vaults:3: vaults_room_boxed, nicolae_vaults_little_squares_3, v_rooms_1,
          grunt_vaults_bifocal, hangedman_vaults_locks,
          ontoclasm_vaults_misaligned, v_misc_9, v_pattern_3,
          minmay_crypt_entry_simple_plaza, ontoclasm_vaults_ring_square,
          nicolae_vaults_shelves_hall, vaults_room_grunt_arrival_ludios,
          ontoclasm_vaults_ring_small
Vaults:4: vaults_mumra_minichess_inversion, st_octagons_1,
          ontoclasm_vaults_shuriken, v_misc_33, vaults_dpeg_encased_lava,
          v_misc_23, v_misc_13, v_misc_9, dpeg_vaults_monster_row,
          nicolae_vaults_rhombus_7, hangedman_vaults_cutoff,
          grunt_vaults_hallway_short, ontoclasm_vaults_decontamination,
          nicolae_vaults_little_squares_4
Vaults:5: uniq_wiglaf
Crypt:2:  basic_altar, grunt_megastairs_1, uniq_xtahua, uniq_frederick
Crypt:3:  david_glass_crypt
Depths:1: hell_entry, cheibriados_altar_1, minmay_crystal_box, uniq_enchantress,
          uniq_saint_roka
Depths:2: hangedman_cross_stitches, grunt_hell_entry_demonic_statue, pan_entry,
          hangedman_abyss_or_decor_slice, hangedman_abyss_or_decor_stabs,
          okawaru_ov_weapons_minmay
Depths:3: due_chaos_kobolds, abyss_entry_crystal, serial_shops,
          nicolae_shop_crystal, nicolae_shop_behind_doors, shop, shop,
          shop_coins, pf_coc_iceberg, minmay_misc_feat_ornament,
          rand_demon_pan_entry_4, infiniplex_staircase_pillars_3b
Depths:4: vault_1, abyss_entry, serial_shops, kennysheep_mini, shop_fountains,
          minmay_misc_feat_columns, hell_entry, grunt_pan_entry_zigzag,
          uniq_mennas
Depths:5: grunt_zot_entry_alcove, enter_ziggurat_c, hell_entry,
          nicolae_benzene_ring, serial_bayou_pond_c
Abyss:1:  minivault_13, evilmike_abyss_exit_disperse, evilmike_abyss_exit_6
Abyss:3:  hangedman_abyss_rune_treasure_dump
Abyss:4:  evilmike_abyss_exit_8, evilmike_abyss_rune_acolytes_1
Zig:6:    ziggurat_pillar_centre_dead_trees
Zig:8:    ziggurat_pillar_centre_c
Zig:10:   ziggurat_pillar_centre_oklobs
Trove:    trove_wands_scrolls
Ossuary:  ossuary_minmay_scorpions
Volcano:  volcano_overflow
WizLab:   wizlab_doroklohe

Action                   |  1- 3 |  4- 6 |  7- 9 | 10-12 | 13-15 | 16-18 | 19-21 | 22-24 | 25-27 || total
-------------------------+-------+-------+-------+-------+-------+-------+-------+-------+-------++-------
Melee: Unarmed           |    84 |   131 |   565 |   781 |  1415 |  1575 |  2056 |  1276 |   352 ||  8235
 Cast: Beastly Appendage |    13 |     1 |       |       |       |       |       |       |       ||    14
       Sticks to Snakes  |     8 |     3 |    37 |    60 |    46 |    45 |       |       |       ||   199
       Spider Form       |     3 |    15 |    77 |    18 |     6 |     4 |     1 |       |       ||   124
       Ice Form          |       |       |     4 |    60 |    86 |    36 |     3 |     1 |       ||   190
       Blade Hands       |       |       |       |       |    12 |    77 |   147 |    44 |     2 ||   282
       Apportation       |       |       |       |       |       |     2 |       |     4 |     1 ||     7
       Repel Missiles    |       |       |       |       |       |     2 |     7 |       |       ||     9
       Blink             |       |       |       |       |       |     1 |     9 |     1 |       ||    11
       Regeneration      |       |       |       |       |       |    10 |   120 |    62 |    11 ||   203
       Animate Skeleton  |       |       |       |       |       |     7 |    86 |    29 |    15 ||   137
       Animate Dead      |       |       |       |       |       |       |    36 |    50 |    13 ||    99
       Phase Shift       |       |       |       |       |       |       |    55 |    49 |    18 ||   122
       Vampiric Draining |       |       |       |       |       |       |       |     3 |       ||     3
       Hydra Form        |       |       |       |       |       |       |       |    37 |    21 ||    58
       Sublimation of Bl |       |       |       |       |       |       |       |    18 |     6 ||    24
       Haste             |       |       |       |       |       |       |       |    18 |     6 ||    24
       Deflect Missiles  |       |       |       |       |       |       |       |     5 |     1 ||     6
       Stoneskin         |       |       |       |       |       |       |       |     1 |       ||     1
       Passwall          |       |       |       |       |       |       |       |       |     3 ||     3
       Darkness          |       |       |       |       |       |       |       |       |     4 ||     4
Invok: Shadow Step       |       |       |       |     3 |    13 |    13 |    13 |     8 |     7 ||    57
 Abil: End Transformatio |    12 |     9 |    65 |    72 |    99 |   104 |   128 |    70 |    20 ||   579
       Spit Poison       |       |       |       |       |       |     8 |       |       |       ||     8
       Evoke Invisibilit |       |       |       |       |       |    10 |    26 |    12 |    13 ||    61
       Turn Visible      |       |       |       |       |       |     5 |    17 |     8 |       ||    30
       Evoke Teleportati |       |       |       |       |       |       |       |     1 |       ||     1
Evoke: Deck              |       |       |       |       |     1 |       |       |       |       ||     1
       Wand              |       |       |       |       |     1 |     8 |    23 |     9 |     2 ||    43
       Sack of spiders   |       |       |       |       |       |       |     9 |     2 |       ||    11
       Disc of storms    |       |       |       |       |       |       |       |    13 |       ||    13
  Use: Scroll            |       |     9 |     8 |    12 |    12 |    13 |    18 |    19 |     6 ||    97
       Potion            |       |     6 |     1 |     3 |     2 |     8 |     3 |     6 |     2 ||    31
 Stab: Distracted        |     1 |     1 |       |     7 |    18 |    13 |    38 |    26 |     5 ||   109
       Sleeping          |     2 |     5 |     5 |    55 |   214 |   186 |   127 |    77 |    98 ||   769
       Invisible         |       |       |       |       |     1 |    33 |    86 |    36 |     8 ||   164
       Petrified         |       |       |       |       |       |       |       |    16 |       ||    16
       Petrifying        |       |       |       |       |       |       |       |     9 |       ||     9
       Fleeing           |       |       |       |       |       |       |       |     1 |       ||     1
  Eat: Chunk             |     6 |    13 |    35 |    38 |    56 |    87 |   123 |    29 |    22 ||   409
       Meat ration       |       |       |       |       |       |       |       |     1 |       ||     1
       Beef jerky        |       |       |       |       |       |       |       |     1 |       ||     1
       Royal jelly       |       |       |       |       |       |       |       |       |     1 ||     1

Vault maps used:
D:1:      minmay_arrival_wavy_path, grunt_decor_fettered, minmay_surrounded
D:2:      grunt_qazlal_clouds, nemelex_lonely_heart_becter
D:3:      first_bread
D:5:      wad_river_or_something, minmay_temple_entry_statues_pillars,
          serial_shops, nicolae_shop_waterfront, kennysheep_generic_room_16
D:6:      grunt_temple_overflow_cloverleaf, old_standard_altar,
          old_standard_altar, minmay_misc_feat_four_crosses
D:7:      nicolae_gozag_seed_capital, lemuel_round_altar,
          gup_ossuary_entry_pyramid
D:8:      uniq_grum
D:9:      grunt_temple_overflow_order_and_chaos_1, david_lair_generic,
          grunt_ministairs_2
D:10:     uniq_harold
D:11:     zombieorc2_lemuel, serial_shops, nicolae_shop_stone,
          portal_ice_cave_entry_pillars_01, uniq_nergalle, uniq_erolcha
D:12:     special_room, blue_anna_alchemist
D:14:     grunt_vaults_entry_tiered, grunt_dithmenos_smoke,
          nicolae_trove_entry_crystal, uniq_nessos
D:15:     hangedman_depths_entry_try_elsewhere_first, nrook_mini_vaults,
          serial_shops, shop, basic_altar, uniq_roxanne
Temple:   temple_eino_lava_8
Lair:2:   nicolae_quartered_pool_little, bh_autumn_forest_stairs
Lair:3:   minmay_swamp_entry_swarm, spider_nest_entry_a, grunt_megastairs_4,
          lemuel_fruit_tree, infiniplex_staircase_pool, uniq_fannar,
          uniq_gastronok
Lair:4:   beast_lair_carwin_large_4
Lair:5:   nicolae_volcano_entry_two_sided, grunt_megastairs_3
Lair:6:   grunt_forest_large_clearings
Lair:7:   beast_lair_carwin_5
Lair:8:   hangedman_lair_tendril_chambers, minmay_slime_entry_pillars,
          nicolae_quartered_pool_super, serial_bayou_shore_a
Swamp:1:  hangedman_swamp_blocks
Swamp:2:  evilmike_swamp_ruin_house_6
Swamp:3:  evilmike_swamp_ruin_house_4, swamp_pool4
Swamp:4:  swamp_alternative
Spider:1: spider_trap
Spider:4: grunt_spider_rune_circles, minmay_another_anthill
Slime:2:  cheibrodos_slime_lost_civilization_4
Slime:3:  dissolution_awaits
Slime:5:  basic_altar
Orc:1:    basic_altar, serial_shops, shop, shop, shop, shop, uniq_maurice
Orc:2:    basic_altar, uniq_josephine
Orc:3:    orc_temple, serial_shops, nicolae_shop_temple_entry_statues_fountains,
          nicolae_orc_pool_cavern
Orc:4:    st_orc_elflike, uniq_donald
Elf:1:    basic_altar, hangedman_elven_crosses_minicolossus,
          serial_sigils_hangedman_snap
Elf:2:    basic_altar
Elf:3:    minmay_elf_hall_quartered_circle
Vaults:1: v_misc_11, vaults_room_octagon, v_misc_12, v_misc_25,
          vaults_mumra_lcd, v_alt_pattern_5, ontoclasm_vaults_gateway,
          nicolae_vaults_little_squares_3, vaults_dpeg_diagonal,
          st_spiral_rooms, dpeg_vaults_monster_box
Vaults:2: v_misc_2, vaults_room_door_hall, v_misc_3, v_misc_22,
          hangedman_vaults_variations, hangedman_vaults_stream,
          grunt_vaults_diagonal, nicolae_vaults_little_ls, ontoclasm_vaults_eye,
          vaults_room_stairs_pillars, nicolae_vaults_little_squares_2,
          serial_shops, shop_fountains, shop_statue, nicolae_shop_behind_doors,
          shop, mu_enter_wizlab_6
Vaults:3: vaults_room_boxed, nicolae_vaults_little_squares_3, v_rooms_1,
          grunt_vaults_bifocal, hangedman_vaults_locks,
          ontoclasm_vaults_misaligned, v_misc_9, v_pattern_3,
          minmay_crypt_entry_simple_plaza, ontoclasm_vaults_ring_square,
          nicolae_vaults_shelves_hall, vaults_room_grunt_arrival_ludios,
          ontoclasm_vaults_ring_small
Vaults:4: vaults_mumra_minichess_inversion, st_octagons_1,
          ontoclasm_vaults_shuriken, v_misc_33, vaults_dpeg_encased_lava,
          v_misc_23, v_misc_13, v_misc_9, dpeg_vaults_monster_row,
          nicolae_vaults_rhombus_7, hangedman_vaults_cutoff,
          grunt_vaults_hallway_short, ontoclasm_vaults_decontamination,
          nicolae_vaults_little_squares_4
Vaults:5: uniq_wiglaf
Crypt:2:  basic_altar, grunt_megastairs_1, uniq_xtahua, uniq_frederick
Crypt:3:  david_glass_crypt
Depths:1: hell_entry, cheibriados_altar_1, minmay_crystal_box, uniq_enchantress,
          uniq_saint_roka
Depths:2: hangedman_cross_stitches, grunt_hell_entry_demonic_statue, pan_entry,
          hangedman_abyss_or_decor_slice, hangedman_abyss_or_decor_stabs,
          okawaru_ov_weapons_minmay
Depths:3: due_chaos_kobolds, abyss_entry_crystal, serial_shops,
          nicolae_shop_crystal, nicolae_shop_behind_doors, shop, shop,
          shop_coins, pf_coc_iceberg, minmay_misc_feat_ornament,
          rand_demon_pan_entry_4, infiniplex_staircase_pillars_3b
Depths:4: vault_1, abyss_entry, serial_shops, kennysheep_mini, shop_fountains,
          minmay_misc_feat_columns, hell_entry, grunt_pan_entry_zigzag,
          uniq_mennas
Depths:5: grunt_zot_entry_alcove, enter_ziggurat_c, hell_entry,
          nicolae_benzene_ring, serial_bayou_pond_c
Abyss:1:  minivault_13, evilmike_abyss_exit_disperse, evilmike_abyss_exit_6
Abyss:3:  hangedman_abyss_rune_treasure_dump
Abyss:4:  evilmike_abyss_exit_8, evilmike_abyss_rune_acolytes_1
Zig:6:    ziggurat_pillar_centre_dead_trees
Zig:8:    ziggurat_pillar_centre_c
Zig:10:   ziggurat_pillar_centre_oklobs
Trove:    trove_wands_scrolls
Ossuary:  ossuary_minmay_scorpions
Volcano:  volcano_overflow
WizLab:   wizlab_doroklohe

Table legend:
 A = Turns spent in this place as a percentage of turns spent in the entire game.
 B = Non-inter-level travel turns spent in this place as a percentage of non-inter-level travel turns spent in the entire game.
 C = Inter-level travel turns spent in this place as a percentage of turns spent in this place.
 D = Turns resting spent in this place as a percentage of non-inter-level travel turns spent in this place.
 E = Turns spent auto-exploring this place as a percentage of non-inter-level travel turns spent in this place.
 F = Non-inter-level travel turns spent in this place divided by the number of levels of this place that you've seen.
                   A       B       C       D       E      F
               +-------+-------+-------+-------+-------+----------------------
         Total | 100.0 | 100.0 |   0.9 |   3.6 |   6.0 | 493.1
       Dungeon |  20.8 |  20.7 |   0.9 |   3.0 |   6.4 | 566.2
        Temple |   0.0 |   0.0 |  11.1 |   0.0 |  37.5 |   8.0
          Lair |  11.0 |  11.0 |   1.3 |   2.2 |   4.7 | 562.8
         Swamp |   3.6 |   3.6 |   0.7 |   2.9 |   5.1 | 373.2
   Spider Nest |   5.6 |   5.6 |   1.6 |   2.9 |   4.6 | 573.0
    Slime Pits |   2.2 |   2.3 |   0.3 |   5.3 |   0.9 | 153.5
  Orcish Mines |   4.3 |   4.3 |   1.0 |   2.1 |  11.6 | 440.8
   Elven Halls |   5.8 |   5.8 |   0.6 |   4.2 |   9.9 | 790.3
        Vaults |  13.0 |  13.0 |   0.7 |   4.3 |   7.3 | 1062.8
         Crypt |   4.4 |   4.4 |   0.4 |   2.9 |   5.9 | 600.3
        Depths |  15.3 |  15.3 |   0.9 |   5.6 |   5.1 | 1255.0
           Zot |   5.5 |   5.5 |   1.3 |   3.3 |   6.4 | 446.6
         Abyss |   4.0 |   4.0 |   0.0 |   0.4 |   0.8 | 330.4
      Ziggurat |   2.0 |   2.0 |   0.0 |   9.7 |   5.7 |  73.9
         Trove |   0.1 |   0.1 |   0.0 |   0.0 |   3.8 |  53.0
       Ossuary |   1.1 |   1.1 |   0.0 |   3.8 |   5.6 | 446.0
       Volcano |   0.4 |   0.4 |   0.0 |   0.0 |   0.0 | 146.0
        Wizlab |   0.9 |   0.9 |   0.0 |   2.8 |   3.4 | 355.0
               +-------+-------+-------+-------+-------+----------------------

Table legend:
 A = Kills in this place as a percentage of kills in entire the game.
 B = Kills by you in this place as a percentage of kills by you in the entire game.
 C = Kills by friends in this place as a percentage of kills by friends in the entire game.
 D = Other kills in this place as a percentage of other kills in the entire game.
 E = Experience gained in this place as a percentage of experience gained in the entire game.
 F = Experience gained in this place divided by the number of levels of this place that you have seen.
                   A       B       C       D       E      F
               +-------+-------+-------+-------+-------+----------------------
         Total | 100.0 | 100.0 | 100.0 | 100.0 | 100.0 | 20199.1
       Dungeon |  17.1 |  16.9 |  26.0 |   0.0 |   4.1 | 4555.1
          Lair |  12.9 |  13.0 |  10.0 |   0.0 |   4.7 | 9871.1
         Swamp |   3.7 |   3.7 |   4.0 |   0.0 |   2.8 | 11572.5
   Spider Nest |   5.9 |   5.9 |   7.0 |   0.0 |   4.0 | 16886.2
    Slime Pits |   3.1 |   3.1 |   1.0 |  14.3 |   4.5 | 12550.2
  Orcish Mines |   7.1 |   7.3 |   0.0 |   0.0 |   1.5 | 6310.2
   Elven Halls |   5.8 |   5.9 |   3.0 |   0.0 |   6.6 | 36760.3
        Vaults |  15.2 |  15.3 |  13.0 |  28.6 |  19.3 | 64596.4
         Crypt |   4.1 |   4.3 |   0.0 |   0.0 |   6.3 | 35175.0
        Depths |  13.2 |  12.4 |  35.0 |  42.9 |  20.5 | 68695.2
           Zot |   4.9 |   5.0 |   1.0 |   0.0 |  18.2 | 60945.4
         Abyss |   1.9 |   1.9 |   0.0 |  14.3 |   2.2 | 7430.6
      Ziggurat |   3.4 |   3.5 |   0.0 |   0.0 |   4.5 | 6839.5
       Ossuary |   0.9 |   1.0 |   0.0 |   0.0 |   0.0 | 667.0
       Volcano |   0.1 |   0.1 |   0.0 |   0.0 |   0.1 | 1357.0
        Wizlab |   0.6 |   0.6 |   0.0 |   0.0 |   0.8 | 13448.0
               +-------+-------+-------+-------+-------+----------------------
